 Dungeon Crawl Stone Soup version 0.27.0-1-g7a089689b8 (webtiles) character file.

Game seed: 15207835308716491086

98 Acheron the Caller (level 4, -3/35 (41) HPs)
             Began as a Troll Summoner on Aug 9, 2021.
             Was a Believer of Zin.
             Slain by a gnoll (4 damage)
             ... on level 2 of the Dungeon.
             The game lasted 00:10:42 (772 turns).

Acheron the Caller (Troll Summoner)                  Turns: 772, Time: 00:10:46

HP:   -3/35 (41)    AC:  4    Str: 16    XL:     4   Next: 44%
MP:   5/5           EV: 10    Int: 17    God:    Zin [**....]
Gold: 78            SH:  0    Dex: 11    Spells: 2/6 levels left

rFire    . . .     SeeInvis .     - Unarmed
rCold    . . .     Faith    .   (no shield)
rNeg     . . .     Spirit   .   a - +0 robe
rPois    .         Reflect  .   (helmet restricted)
rElec    .         Harm     .   (no cloak)
rCorr    .         Rampage  .   (gloves unavailable)
Will     .....                  (boots unavailable)
Stlth    +.........             (no amulet)
HPRegen  1.11/turn              c - +6 ring of intelligence
MPRegen  0.09/turn              (no ring)

@: mighty, heavily drained
A: large, unfitting armour, claws 3, regeneration 1, shaggy fur 1, tough skin 1
a: Renounce Religion, Recite, Vitalisation, Donate Gold


You were on level 2 of the Dungeon.
You worshipped Zin.
Zin was pleased with you.
You visited 1 branch of the dungeon, and saw 3 of its levels.

You collected 86 gold pieces.
You donated 8 gold pieces to Zin.

Inventory:

Armour
 a - a +0 robe (worn)
Jewellery
 c - a +6 ring of intelligence (left claw)
Scrolls
 e - a scroll of noise {unknown}
Potions
 d - a potion of flight {unknown}


   Skills:
 * Level 1.2 Fighting
 * Level 2.0 Dodging
 + Level 1.1 Stealth
 * Level 2.2 Unarmed Combat
 * Level 1.5 Spellcasting
 + Level 3.2 Summonings


You had 2 spell levels left.
You knew the following spells:

 Your Spells              Type           Power      Damage    Failure   Level
a - Summon Small Mammal   Summ           48%        N/A       5%          1
b - Call Canine Familiar  Summ           12%        N/A       16%         3

Your spell library contained the following spells:

 Spells                   Type           Power      Damage    Failure   Level
 Call Imp                 Summ           12%        N/A       9%          2
 Summon Guardian Golem    Hex/Summ       6%         N/A       30%         3
 Summon Lightning Spire   Summ/Air       6%         N/A       71%         4


Dungeon Overview and Level Annotations

Branches:
Dungeon (3/15)

Altars:
Zin


Innate Abilities, Weirdness & Mutations

You are too large for most types of armour.
You have claws for hands.
Your natural rate of healing is unusually fast.
You are covered in fur. (AC +1)
You have tough skin. (AC +1)


Message History

The gnoll shouts!
You claw the gnoll!
The gnoll is severely wounded.
You barely miss the gnoll.
The gnoll is severely wounded.
The gnoll closely misses you.
You claw the gnoll!
You kill the gnoll!
The gnoll shouts!
Things that are here:
a +0 halberd; a throwing net The gnoll hits you with a +2 flail of draining!
You feel drained.
The gnoll hits you from afar with a +0 spear.
Things that are here:
a +0 halberd; a throwing net You see here a throwing net.
The gnoll hits you with a +2 flail of draining!
You feel drained.
Press: ? - help, v - describe, . - travel A rock wall.
Unknown command.
Attack: -) Claws
Press: ? - help, Dir - move target, f - gnoll
Aim: a gnoll, wielding a +2 flail of draining (about 37% to evade your claws)
Okay, then.
You feel very mighty all of a sudden.
The gnoll hits you with a +2 flail of draining!
You feel drained.
You closely miss the gnoll.
The gnoll hits you from afar with a +0 spear.
The gnoll closely misses you.
You scratch the gnoll.
The gnoll is moderately wounded.
The gnoll hits you from afar with a +0 spear.
* * * LOW HITPOINT WARNING * * *
The gnoll hits you with a +2 flail of draining!
* * * LOW HITPOINT WARNING * * *
You feel drained.
You die...

.......## .......#
.......## #.......
#......
......############
......).(......g.#
.###############g#
.###############@#
.................#
.##.......########
........#.#
.##.##.##.#
..†.......#
.###..##### .#
#..# .# #..#


You could see 2 gnolls.

Vanquished Creatures
  Terence (D:2)
  A gnoll (D:2)
  An adder (D:2)
  A worm (D:2)
  3 dart slugs
  An orc (D:3)
  2 bats (D:1)
  3 endoplasms
  A giant cockroach (D:1)
  4 goblins
  6 hobgoblins
  4 jackals (D:2)
  4 kobolds
  A quokka (D:1)
  3 frilled lizards
  5 rats
  A spectral kobold (D:2)
42 creatures vanquished.

Notes
Turn   | Place    | Note
-------+----------+-------------------------------------------
     0 | D:1      | Acheron the Troll Summoner began the quest for the Orb.
     0 | D:1      | Reached XP level 1. HP: 16/16 MP: 1/1
    19 | D:1      | Reached skill level 3 in Summonings
    48 | D:1      | Reached XP level 2. HP: 26/26 MP: 2/2
   247 | D:3      | Reached XP level 3. HP: 31/32 MP: 4/4
   301 | D:2      | Reached skill level 1 in Fighting
   400 | D:2      | Found a faded altar of an unknown god.
   408 | D:2      | Became a worshipper of Zin the Law-Giver
   408 | D:2      | Reached * piety under Zin
   424 | D:2      | Reached skill level 1 in Unarmed Combat
   567 | D:2      | Learned a level 3 spell: Call Canine Familiar
   601 | D:2      | Reached ** piety under Zin
   664 | D:2      | Noticed Terence
   676 | D:2      | Killed Terence
   677 | D:2      | Reached XP level 4. HP: 34/41 MP: 5/5
   772 | D:2      | HP: 1/37 [gnoll (9)]
   772 | D:2      | Slain by a gnoll

Illustrated notes

Levels and vault maps discovered:
D:1:      pf_arrival_petrified_forest, layout_rooms
D:2:      layout_basic, dreamdust_ecumenical_altar_drowned_temple,
          minmay_tetromino_l4, uniq_terence, uniq_crazy_yiuf_cottage
D:3:      layout_loops_ring, nicolae_sif_muna_condensation,
          general_overflow_altar, cheibrodos_sewer_entry_drain

Skill      XL: |  1  2  3  4 |
---------------+-------------+-----
Summonings     | 3 |  3.2
Fighting       | 1 |  1.2
Unarmed Combat | 1 2 |  2.2
Dodging        | 2 |  2.0
Stealth        | |  1.1
Spellcasting   | |  1.5

Action                   |  1- 3 |  4- 6 || total
-------------------------+-------+-------++-------
Melee: Unarmed           |   105 |    19 ||   124
 Cast: Summon Small Mamm |     8 |       ||     8
  Use: Scroll            |     1 |       ||     1
       Potion            |       |     1 ||     1
 Stab: Sleeping          |     1 |       ||     1
Armor: Robe              |    43 |     6 ||    49
Dodge: Dodged            |    54 |     8 ||    62
